Map: [ESL] Site Delta

Players

HeroMarine - Winner!

  • Race: Terran Terran
  • Spawn Location: 5:00

Astrea

  • Race: Protoss Protoss
  • Spawn Location: 11:00

Event: ESL Spring 2024 Finals

VOD

Have the link to the VOD?

Description

Time

  • Played on: May 31, 2024, 11:48 a.m.
  • Length: 15:50

All games in this series

Show
View Real Time Build Order
Export as new Build Order

HeroMarine Terran - Winner!

Build Orders: Reaper Expand 

Get SALT Encoding   

  12  0:00  SCV  
  13  0:12  SCV  
  14  0:16  Supply Depot  
  14  0:24  SCV  
  15  0:38  SCV  
  15  0:39  Barracks  
  16  0:42  Refinery  
  16  0:50  SCV  
  17  1:02  SCV  
  18  1:14  SCV  
  19  1:26  Orbital Command, Reaper  
  20  1:38  Command Center  
  20  1:46  Supply Depot  
  20  1:52  SCV  
  21  1:58  Marine  
  22  2:04  SCV  
  22  2:05  Factory  
  23  2:10  Refinery  
  23  2:16  SCV  
  23  2:20  Barracks Reactor  
  24  2:28  SCV  
  25  2:40  SCV  
  26  2:49  Widow Mine  
  26  2:51  Orbital Command, Starport  
  28  2:52  SCV  
  28  2:56  Marine  
  28  2:57  Marine  
  31  3:04  SCV  
  32  3:11  Widow Mine  
  34  3:14  Marine x2  
  34  3:16  SCV  
  34  3:17  SCV  
  34  3:18  Supply Depot  
  38  3:27  Medivac  
  38  3:28  SCV  
  38  3:29  SCV  
  38  3:32  Marine x2, Widow Mine  
  46  3:35  Barracks  
  46  3:41  SCV x2  
  47  3:45  Barracks  
  47  3:47  Supply Depot  
  48  3:53  SCV x2  
  50  3:55  Factory Tech Lab  
  50  3:59  Engineering Bay  
  50  4:00  Marine x2  
  52  4:05  SCV  
  52  4:06  SCV  
  52  4:09  Refinery  
  54  4:12  Supply Depot  
  54  4:17  SCV, Starport Tech Lab  
  54  4:18  SCV  
  54  4:19  Marine  
  54  4:20  Marine  
  58  4:25  Terran Infantry Weapons Level 1  
  58  4:29  SCV  
  58  4:30  SCV  
  60  4:32  Stimpack  
  60  4:37  Marauder  
  62  4:40  Factory Reactor  
  62  4:41  SCV  
  62  4:42  SCV  
  62  4:43  Refinery  
  62  4:44  Combat Shield  
  64  4:47  Starport Reactor  
  64  4:51  Marauder  
  66  4:53  SCV  
  66  4:54  Supply Depot, SCV  
  66  4:57  Supply Depot  
  68  5:00  Marauder  
  68  5:04  Supply Depot  
  70  5:15  Marine x2  
  70  5:16  SCV x2, Marauder  
  70  5:17  Supply Depot  
  76  5:22  Marauder  
  76  5:23  Medivac x2  
  76  5:25  Widow Mine  
  76  5:27  Widow Mine  
  86  5:31  Supply Depot  
  86  5:34  Marine  
  86  5:35  Marine  
  87  5:37  Marauder  
  90  5:43  Marauder  
  90  5:46  SCV x2  
  94  5:56  Marine x2  
  92  5:59  Marauder, Medivac x2  
  100  6:04  Marauder, Widow Mine x2  
  100  6:08  Supply Depot  
  104  6:14  Marine  
  104  6:16  Marine  
  104  6:19  Concussive Shells, Terran Infantry Armor Level 1  
  104  6:20  Marauder  
  104  6:26  Marauder  
  104  6:28  Widow Mine x2  
  104  6:31  Medivac  
  112  6:37  Command Center  
  112  6:40  Medivac  
  112  6:41  Marauder  
  114  6:47  Marauder  
  114  6:55  Widow Mine x2  
  106  7:03  Marauder  
  106  7:05  SCV x2  
  104  7:09  Marine x2, Marauder  
  106  7:20  Widow Mine x2, Medivac x2  
  111  7:24  Marauder  
  111  7:26  Barracks  
  111  7:27  Marine x2, Barracks  
  111  7:28  SCV x2  
  113  7:30  Marauder  
  113  7:40  SCV x2  
  113  7:42  Supply Depot  
  115  7:44  Starport  
  115  7:45  Marine x2  
  115  7:49  Supply Depot, Marauder  
  119  7:51  Marauder  
  119  7:52  SCV  
  119  7:53  SCV  
  119  7:55  Viking  
  119  7:56  Viking  
  127  8:05  SCV x2  
  129  8:11  Marauder  
  131  8:13  Marauder  
  131  8:14  Orbital Command  
  131  8:15  Barracks Tech Lab, Barracks Reactor  
  131  8:16  Marine x2  
  135  8:27  Supply Depot  
  135  8:32  Marauder  
  137  8:34  Viking  
  137  8:35  Viking x2  
  137  8:39  Viking  
  145  8:45  Marauder x2  
  145  8:48  Supply Depot  
  149  8:49  Supply Depot  
  149  8:53  Marauder  
  151  9:04  Viking  
  151  9:05  Viking x2  
  151  9:08  Supply Depot  
  151  9:09  Marauder x2  
  161  9:10  Supply Depot  
  161  9:11  Marine x2  
  161  9:13  Marine  
  161  9:14  Marine  
  161  9:15  Marauder  
  167  9:24  Missile Turret x2  
  167  9:25  Missile Turret  
  167  9:29  Marine x2  
  167  9:31  Marauder x2  
  152  9:38  Marauder  
  152  9:44  Marine x2  
  148  9:46  Marine  
  148  9:47  Marine  
  148  9:52  Marauder x2  
  154  9:56  SCV  
  154  9:59  SCV  
  141  10:03  Marine x2  
  141  10:04  Marauder  
  141  10:06  Medivac x3  
  144  10:08  SCV  
  144  10:09  SCV, Armory  
  144  10:11  SCV, Engineering Bay  
  144  10:13  Marine  
  144  10:14  Marauder x2  
  148  10:20  SCV  
  148  10:21  SCV, Marine  
  136  10:22  Marine  
  136  10:25  SCV  
  129  10:29  Marauder  
  129  10:30  Marine  
  129  10:31  Marine  
  129  10:32  SCV  
  129  10:33  SCV  
  129  10:35  Marine x2  
  132  10:37  SCV  
  132  10:40  Marine  
  125  10:44  SCV  
  125  10:45  SCV  
  123  10:53  Marauder  
  123  10:54  Marauder  
  111  10:58  Marine  
  111  10:59  Marauder  
  111  11:00  Marine  
  111  11:02  Marine x2  
  102  11:12  Command Center  
  102  11:13  Marine  
  102  11:14  Marine  
  102  11:16  Terran Infantry Weapons Level 2  
  103  11:19  Terran Infantry Armor Level 2  
  104  11:27  Ghost Academy  
  101  11:41  Viking x4  
  101  11:43  Marauder  
  101  11:44  Marauder  
  111  11:47  Marauder  
  111  11:48  Marine  
  111  11:49  Marine  
  111  11:53  SCV  
  113  12:03  Ghost  
  113  12:05  Ghost  
  113  12:08  Ghost  
  117  12:13  Marine x3  
  117  12:14  Marine  
  117  12:15  Viking x2  
  127  12:18  SCV x2  
  127  12:19  SCV  
  130  12:30  SCV x2  
  130  12:31  SCV  
  130  12:32  Refinery x2, Sensor Tower  
  130  12:33  Marauder  
  130  12:34  Marauder  
  137  12:38  Marine, Missile Turret, Marauder  
  137  12:42  Marine x2  
  142  12:45  SCV  
  142  12:47  SCV  
  142  12:48  SCV  
  145  12:55  Missile Turret  
  145  12:56  Ghost x2  
  149  13:05  Planetary Fortress  
  149  13:09  Ghost  
  151  13:13  Missile Turret  
  148  13:20  Marine  
  148  13:21  Marine  
  148  13:22  Marine x2  
  148  13:24  Liberator  
  148  13:25  Ghost  
  157  13:31  Medivac x2  
  159  13:42  Marauder  
  159  13:43  Marauder  
  157  13:49  Marine x4  
  157  13:54  Marauder  
  163  13:59  Medivac  
  163  14:01  Medivac  
  165  14:03  Marine  
  165  14:04  Marauder  
  165  14:07  Marine  
  165  14:08  Marine x2  
  169  14:12  Refinery  
  169  14:15  Marine, Marauder  
  172  14:21  Medivac x2  
  172  14:22  Marauder  
  178  14:24  Marine  
  178  14:25  Marine  
  180  14:37  Marauder  
  182  14:43  Marauder x2  
  174  14:50  Marine x2  
  176  14:53  Marine x2  
  176  14:58  Marauder  
  172  15:04  Marauder x2  
  161  15:08  Marine x2  
  161  15:10  Medivac x2  
  161  15:11  Marine  
  161  15:19  Marauder  
  161  15:23  Barracks x2  
  161  15:25  Barracks  
  161  15:26  Marauder x2  
Show
View Real Time Build Order
Export as new Build Order

Astrea Protoss 

Build Orders: 1 Gate Expand, Phoenix Opening, Blink Stalkers, Colossus Rush 

Get SALT Encoding   

  12  0:00  Probe  
  13  0:12  Probe  
  14  0:17  Pylon  
  14  0:24  Probe (Chrono Boost)  
  15  0:36  Probe (Chrono Boost)  
  15  0:38  Gateway  
  16  0:43  Probe (Chrono Boost)  
  16  0:45  Assimilator  
  17  0:51  Probe  
  18  1:03  Probe  
  19  1:15  Probe  
  20  1:20  Nexus  
  20  1:30  Cybernetics Core  
  20  1:33  Probe  
  20  1:38  Assimilator  
  21  1:45  Probe  
  22  1:48  Pylon  
  22  1:57  Probe (Chrono Boost)  
  23  2:06  Shield Battery, Sentry (Chrono Boost)  
  26  2:10  Warp Gate, Probe (Chrono Boost)  
  26  2:15  Probe (Chrono Boost)  
  26  2:21  Stalker (Chrono Boost)  
  27  2:24  Probe  
  27  2:29  Phoenix  
  30  2:32  Probe (Chrono Boost)  
  32  2:39  Twilight Council, Probe (Chrono Boost)  
  33  2:44  Probe (Chrono Boost)  
  34  2:51  Stalker  
  34  2:52  Probe x2 (Chrono Boost)  
  37  2:59  Probe  
  37  3:00  Probe  
  39  3:06  Gateway, Blink (Chrono Boost)  
  39  3:11  Probe  
  40  3:13  Probe  
  41  3:23  Probe  
  41  3:26  Probe  
  43  3:27  Pylon  
  43  3:35  Probe  
  43  3:38  Probe  
  45  3:47  Probe  
  46  3:49  Nexus  
  46  3:50  Pylon, Probe  
  47  3:57  Pylon  
  47  3:59  Stalker  
  47  4:00  Stalker  
  47  4:01  Probe  
  52  4:04  Probe  
  52  4:06  Robotics Facility  
  53  4:13  Probe  
  53  4:15  Assimilator, Phoenix  
  54  4:17  Assimilator, Probe  
  54  4:23  Stalker  
  57  4:24  Stalker  
  57  4:25  Probe  
  57  4:29  Probe  
  61  4:37  Probe  
  62  4:38  Pylon  
  62  4:41  Probe  
  63  4:47  Stalker x2  
  63  4:49  Probe  
  68  4:53  Robotics Bay  
  68  4:56  Observer  
  68  4:57  Probe  
  70  5:01  Probe  
  70  5:05  Pylon, Probe  
  72  5:09  Probe  
  73  5:14  Charge, Immortal (Chrono Boost)  
  73  5:15  Probe  
  73  5:18  Shield Battery, Probe  
  73  5:19  Pylon  
  79  5:26  Zealot x2  
  83  5:28  Probe  
  83  5:31  Forge  
  83  5:34  Probe  
  85  5:35  Probe  
  84  5:51  Probe  
  84  5:52  Pylon  
  84  5:55  Colossus (Chrono Boost)  
  84  5:57  Probe  
  84  5:58  Extended Thermal Lance  
  84  6:00  Zealot x2  
  84  6:02  Probe, Protoss Ground Weapons Level 1 (Chrono Boost)  
  95  6:11  Probe  
  95  6:16  Probe  
  97  6:21  Probe  
  97  6:25  Gateway x2  
  96  6:26  Stalker x2  
  96  6:27  Gateway  
  96  6:28  Probe x2  
  102  6:36  Colossus  
  108  6:42  Pylon  
  108  6:51  Stalker x2  
  108  6:58  Probe  
  103  7:01  Probe  
  103  7:06  Probe  
  93  7:12  Probe  
  85  7:16  Stalker  
  85  7:19  Zealot  
  85  7:21  Probe  
  85  7:22  Probe  
  77  7:24  Probe, Pylon  
  77  7:27  Colossus (Chrono Boost)  
  78  7:32  Shield Battery  
  78  7:33  Probe  
  78  7:36  Observer  
  84  7:39  Probe x2  
  86  7:45  Probe  
  86  7:48  Dark Shrine  
  86  7:50  Shield Battery  
  86  7:51  Stalker x2, Zealot x2  
  89  7:52  Zealot  
  89  7:56  Protoss Ground Weapons Level 2 (Chrono Boost), Pylon  
  89  7:58  Probe x3  
  100  8:00  Pylon  
  100  8:02  Pylon  
  100  8:10  Nexus, Probe  
  100  8:11  Observer (Chrono Boost)  
  102  8:17  Zealot x3  
  102  8:18  Sentry  
  110  8:23  Zealot, Probe  
  110  8:24  Probe x2  
  115  8:28  Gateway  
  115  8:32  Gateway  
  115  8:33  Gateway  
  115  8:36  Observer  
  115  8:37  Observer  
  115  8:38  Probe  
  115  8:41  Warp Prism, Pylon  
  116  8:43  Probe x2  
  118  8:51  Stalker x3  
  124  8:58  Stalker x2  
  128  9:05  Pylon  
  128  9:11  Shield Battery  
  128  9:17  Dark Templar x2  
  128  9:21  Zealot x2  
  128  9:23  Zealot x2  
  138  9:24  Shield Battery  
  138  9:25  Pylon  
  112  9:38  Zealot x2  
  112  9:42  Colossus (Chrono Boost)  
  112  9:43  Dark Templar  
  112  9:44  Zealot x3  
  118  9:51  Zealot x2  
  111  10:05  Zealot x5  
  113  10:09  Protoss Ground Weapons Level 3  
  110  10:19  Zealot  
  110  10:20  Zealot x2  
  94  10:29  Zealot x5  
  94  10:33  Colossus (Chrono Boost)  
  97  10:43  Zealot x3  
  92  10:51  Zealot x2, Dark Templar x3  
  92  10:56  Probe  
  76  10:58  Probe  
  73  11:13  Shield Battery  
  73  11:15  Probe  
  74  11:24  Stalker x3, Sentry x2  
  81  11:30  Dark Templar  
  81  11:37  Zealot x2  
  85  11:47  Immortal (Chrono Boost)  
  89  11:54  Observer  
  89  12:00  Nexus  
  87  12:11  Pylon  
  87  12:16  Colossus (Chrono Boost)  
  93  12:26  Shadow Stride  
  93  12:27  Observer  
  92  12:46  Observer  
  92  12:47  Probe x3  
  95  12:57  Sentry  
  95  12:58  Stalker x7  
  111  12:59  Probe  
  111  13:00  Immortal (Chrono Boost)  
  116  13:08  Probe x2  
  116  13:10  Shield Battery  
  116  13:11  Probe  
  119  13:23  Stalker x5  
  119  13:25  Zealot  
  119  13:26  Zealot  
  127  13:36  Disruptor (Chrono Boost)  
  129  13:47  Zealot x7  
  123  14:08  Disruptor (Chrono Boost), Probe x2  
  129  14:10  Dark Templar  
  129  14:14  Zealot x4  
  129  14:15  Nexus  
  139  14:21  Robotics Facility  
  139  14:29  Zealot x3  
  139  14:31  Shield Battery  
  145  14:37  Zealot  
  128  15:03  Disruptor, Zealot  
  128  15:04  Zealot x3  
  128  15:05  Zealot  
  128  15:06  Zealot x3  
Tags
 
Add a new tag
Caveats
  • Supply blocks, unpowered buildings, or Contaminate may cause inaccurate times.
  • Supply counts are checked every 10 seconds.